 Dungeon Crawl Stone Soup version 0.30-a0-610-gb513c0a51f (webtiles) character file.

Game seed: 15534854428730190724

2350932 WienerDreamer the Hoplite (level 27, 156/156 HPs)
             Began as a Gargoyle Fighter on Jan 7, 2023.
             Was an Initiate of Gozag.
             Escaped with the Orb
             ... and 4 runes on Jan 8, 2023!
             The game lasted 04:14:01 (71875 turns).

WienerDreamer the Hoplite (Gargoyle Fighter)       Turns: 71875, Time: 04:14:02

Health: 156/156    AC: 66    Str: 42    XL:     27
Magic:  28/28      EV: 13    Int: 10    God:    Gozag
Gold:   6576       SH: 21    Dex: 18    Spells: 17/44 levels left

rFire   + + +      SeeInvis .    a - +9 broad axe (elec)
rCold   + + .      Faith    .    Q - +2 kite shield {rF+}
rNeg    + . .      Spirit   .    L - +13 crystal plate armour {rC+}
rPois   ∞          Reflect  .    G - +1 helmet of Yxkiak {Regen+ rCorr Str+3 Dex+2}
rElec   +          Harm     .    e - scarf {rC+ rF+}
rCorr   +          Rampage  .    E - +2 pair of gloves {infuse}
Will    +++..      Rage     9%   J - +3 pair of boots of Beogh's Condemnation {Int+4 Dex+4} Stlth
                                 B - amulet of Onameese {rF+ Regen+}
HPRegen 2.06/turn                v - ring of willpower
MPRegen 0.21/turn                i - ring "Isix" {EV+5 Str+8 Int-3}

@: flying, studying Staves
A: sickness immunity, AC +20, big wings, negative energy resistance 1,
electricity resistance, torment resistance 1, petrification resistance, agile 1,
berserk 2, deformed body, dopey 2, frail 2, low MP 2, strong 1, wild magic 1, no
potion heal 1, inability to read after injury 2, devolution 1
0: Orb of Zot
}: 4/15 runes: barnacled, slimy, silver, gossamer
a: Renounce Religion, Potion Petition, Call Merchant, Bribe Branch


You escaped.
You worshipped Gozag.
Gozag was greatly pleased with you.
You visited 15 branches of the dungeon, and saw 63 of its levels.
You visited the Abyss 1 time.
You also visited: Bailey and Ice Cave.

You collected 34644 gold pieces.
You spent 13705 gold pieces at shops.
You paid 14363 gold pieces to Gozag.

Inventory:

Hand Weapons
 a - a +9 broad axe of electrocution (weapon)
 U - a +7 heavy broad axe
Missiles
 I - 15 javelins
 K - 21 curare-tipped darts
 W - 2 throwing nets
 X - 3 silver javelins (quivered)
Armour
 e - a scarf of resistance (worn)
 r - the +1 cloak of Optimism {+Blink}
   (You bought it in a shop on level 1 of the Shoals)

   +Blink:    It lets you blink.
 E - a +2 pair of gloves of infusion (worn)
 G - the +1 helmet of Yxkiak (worn) {Regen+ rCorr Str+3 Dex+2}
   (You bought it in a shop on level 10 of the Dungeon)

   Str:       It affects your strength (+3).
   Dex:       It affects your dexterity (+2).
   Regen:     It increases your rate of health regeneration.
   rCorr:     It protects you from acid and corrosion.
 J - the +3 pair of boots of Beogh's Condemnation (worn) {Int+4 Dex+4}
   (You found it in a bailey)

   Int:       It affects your intelligence (+4).
   Dex:       It affects your dexterity (+4).
 L - a +13 crystal plate armour of cold resistance (worn)
 Q - a +2 kite shield of fire resistance (worn)
Jewellery
 i - the ring "Isix" (right hand) {EV+5 Str+8 Int-3}
   (You found it on level 4 of the Shoals)

   [ring of evasion]

   EV:        It affects your evasion (+5).
   Str:       It affects your strength (+8).
   Int:       It affects your intelligence (-3).
 p - the ring "Sataularr" {rPois AC+4 Int-2 Dex-4 SInv}
   (You acquired it on level 2 of the Elven Halls)

   [ring of protection]

   AC:        It affects your AC (+4).
   Int:       It affects your intelligence (-2).
   Dex:       It affects your dexterity (-4).
   rPois:     It protects you from poison.
   SInv:      It lets you see invisible.
 t - the dreamshard necklace {*Dream Drain}
   (You bought it in a shop on level 1 of the Depths)

   [amulet of nothing]

   It shatters if its wearer takes lethal or near-lethal damage, preventing the
   blow and releasing protective dreams that heal and fight for the wearer.
   Drain:     It drains your maximum health when unequipped.
 v - a ring of willpower (left hand)
 B - the amulet of Onameese (around neck) {rF+ Regen+}
   (You bought it in a shop on level 1 of the Vaults)

   [amulet of regeneration]

   rF:        It protects you from fire.
   Regen:     It increases your rate of health regeneration.
 R - an amulet of magic regeneration
 V - the ring of Byaced {rPois rF+ rN+ Dex+2}
   (You bought it in a shop on level 1 of the Vaults)

   [ring of positive energy]

   Dex:       It affects your dexterity (+2).
   rF:        It protects you from fire.
   rPois:     It protects you from poison.
   rN:        It protects you from negative energy.
 Y - the ring "Usazxudotz" {Ice Fly Will+ MP+9}
   (You took it off a frost giant in an ice cave)

   [ring of ice]

   It enhances your ice magic.
   rF:        It makes you vulnerable to fire.
   rC:        It protects you from cold.
   MP:        It affects your magic capacity (+9).
   Fly:       It grants you flight.
   Will:      It increases your willpower.
Wands
 w - a wand of iceblast (23)
 y - a wand of light (27)
 H - a wand of digging (14)
 N - a wand of mindburst (36)
Scrolls
 f - a scroll of butterflies
 j - 6 scrolls of blinking
 k - 10 scrolls of magic mapping
 l - 3 scrolls of silence
 n - 11 scrolls of immolation
 s - 6 scrolls of fog
 u - 11 scrolls of fear
 z - 10 scrolls of teleportation
Potions
 d - 9 potions of might
 g - 7 potions of haste
 h - 20 potions of curing
 q - 9 potions of cancellation
 x - 9 potions of magic
 C - 15 potions of heal wounds
 D - 2 potions of brilliance
 F - 2 potions of invisibility
 M - 5 potions of ambrosia
 P - 4 potions of berserk rage
 S - 4 potions of resistance
 T - 6 potions of lignification
Miscellaneous
 b - the horn of Geryon
 c - a lightning rod (4/4)
 m - a phial of floods
 o - a phantom mirror
 A - a box of beasts
 O - a condenser vane
 Z - a tin of tremorstones (2/2)


   Skills:
 - Level 26.5 Fighting
 + Level 22.3 Axes
 - Level 2.0(16.1) Maces & Flails
 + Level 21.9 Armour
 * Level 26.6 Shields
 - Level 9.0 Spellcasting
 - Level 20.1 Conjurations
 - Level 10.0 Hexes
 - Level 3.0 Translocations
 - Level 5.0 Transmutations
 - Level 10.0 Air Magic
 - Level 11.0 Earth Magic
 - Level 14.0 Evocations


You had 17 spell levels left.
You knew the following spells:

 Your Spells              Type           Power      Damage    Failure   Level
a - Apportation           Tloc           26%        N/A       30%         1
b - Passwall              Tmut/Erth      21%        N/A       7%          2
c - Irradiate             Conj/Tmut      19%        3d18      17%         5
d - Lehudib's Crystal Sp  Conj/Erth      23%        10d6      100%        8
e - Iron Shot             Conj/Erth      23%        9d5       26%         6
f - Silence               Hex/Air        15%        N/A       41%         5

Your spell library contained the following spells:

 Spells                   Type           Power      Damage    Failure   Level
 Magic Dart               Conj           100%       1d8       1%          1
 Sandblast                Erth           68%        2d15      1%          1
 Shock                    Conj/Air       100%       1d9       1%          1
 Static Discharge         Conj/Air       90%        2-6/arc   1%          2
 Stone Arrow              Conj/Erth      92%        3d12      1%          3
 Foxfire                  Conj/Fire      100%       2x1d9     2%          1
 Kiss of Death            Conj/Necr      100%       2d13      2%          1
 Momentum Strike          Conj/Tloc      70%        3d9       2%          2
 Mephitic Cloud           Conj/Pois/Air  31%        N/A       6%          3
 Swiftness                Air            31%        N/A       6%          3
 Tukima's Dance           Hex            31%        N/A       6%          3
 Arcjolt                  Conj/Air       22%        1d32      7%          5
 Beastly Appendage        Tmut           36%        N/A       14%         1
 Leda's Liquefaction      Hex/Erth       16%        N/A       14%         4
 Airstrike                Air            15%        2d(3-19)  17%         4
 Sticky Flame             Conj/Fire      32%        2d5       17%         4
 Ensorcelled Hibernation  Hex/Ice        36%        N/A       21%         2
 Wereblood                Tmut           18%        N/A       21%         2
 Portal Projectile        Hex/Tloc       44%        N/A       22%         3
 Vhi's Electric Charge    Tloc/Air       44%        N/A       22%         3
 Orb of Destruction       Conj           27%        9d9       22%         7
 Petrify                  Tmut/Erth      26%        N/A       34%         4
 Summon Guardian Golem    Hex/Summ       18%        N/A       36%         3
 Blink                    Tloc           26%        N/A       41%         2
 Fireball                 Conj/Fire      16%        3d8       41%         5
 Freezing Cloud           Conj/Ice/Air   15%        6-21      41%         5
 Gell's Gravitas          Tloc           13%        N/A       63%         3
 Lesser Beckoning         Tloc           26%        N/A       63%         3
 Teleport Other           Tloc           13%        N/A       63%         3
 Animate Armour           Summ/Erth      40%        N/A       67%         4
 Spider Form              Tmut/Pois      12%        N/A       69%         3
 Anguish                  Hex/Necr       9%         N/A       75%         4
 Summon Lightning Spire   Summ/Air       18%        N/A       75%         4
 Yara's Violent Unravell  Hex/Tmut       12%        3d7       75%         5
 Call Imp                 Summ           5%         N/A       80%         2
 Ignite Poison            Fire/Tmut/Pois 10%        N/A       82%         3
 Call Canine Familiar     Summ           5%         N/A       95%         3
 Ozocubu's Armour         Ice            5%         N/A       95%         3
 Manifold Assault         Tloc           13%        N/A       95%         4
 Passage of Golubria      Tloc           13%        N/A       95%         4
 Blade Hands              Tmut           9%         N/A       97%         5
 Metabolic Englaciation   Hex/Ice        9%         N/A       97%         5
 Summon Mana Viper        Hex/Summ       18%        N/A       97%         5
 Olgreb's Toxic Radiance  Pois           5%         N/A       100%        4
 Summon Ice Beast         Ice/Summ       5%         N/A       100%        4
 Alistair's Intoxication  Tmut/Pois      8%         N/A       100%        5
 Summon Forest            Summ/Tloc      4%         N/A       100%        5
 Dispersal                Tloc           6%         N/A       100%        6
 Summon Cactus Giant      Summ           2%         N/A       100%        6
 Haunt                    Necr/Summ      2%         N/A       100%        7
 Monstrous Menagerie      Summ           2%         N/A       100%        7
 Ozocubu's Refrigeration  Ice            2%         4d8       100%        7
 Spellforged Servitor     Conj/Summ      16%        N/A       100%        7
 Storm Form               Tmut/Air       12%        N/A       100%        7
 Disjunction              Tloc           6%         N/A       100%        8
 Ignition                 Fire           2%         3d3       100%        8
 Infestation              Necr           2%         N/A       100%        8
 Maxwell's Capacitive Co  Air            15%        ∞         100%        8
 Polar Vortex             Ice            2%         N/A       100%        9
 Statue Form              Tmut/Erth      Unusable   N/A       N/A         6
 Animate Dead             Necr           Unusable   N/A       N/A         4
 Simulacrum               Ice/Necr       Unusable   N/A       N/A         6

Dungeon Overview and Level Annotations

Branches:
Dungeon (15/15)            Temple (1/1) D:7            Lair (5/5) D:9
 Shoals (4/4) Lair:3       Spider (4/4) Lair:2        Slime (5/5) Lair:4
    Orc (2/2) D:10            Elf (3/3) Orc:2        Vaults (5/5) D:13
  Crypt (3/3) Vaults:2       Tomb (1/3) Crypt:3      Depths (4/4) D:15
   Hell (visited)             Dis (0/7) Hell            Geh (5/7) Hell
    Coc (0/7) Hell            Tar (0/7) Hell            Zot (5/5) Depths:4
 Bailey (visited)           IceCv (visited)

Altars:
Ashenzari
Cheibriados
Dithmenos
Elyvilon
Fedhas
Gozag
Hepliaklqana
Kikubaaqudgha
Makhleb
Nemelex Xobeh
Okawaru
Qazlal
Ru
Sif Muna
Trog
Uskayaw
Vehumet
Wu Jian
Xom
Yredelemnul
Zin
The Shining One
Jiyva

Shops:
D:6 *   D:10 [   D:12 ?   Orc:1 :[**(   Orc:2 :[:[*   Elf:1 (   Elf:2 *
Shoals:1 ?([[   Shoals:3 **   Vaults:1 =**(==(   Vaults:3 :   Vaults:5 !
Depths:1 *=[=([   Depths:3 *

Portals:
Hell: Lair:5 Depths:1 Depths:2 Depths:3 Depths:4
Abyss: Depths:3
Pandemonium: Depths:1 Depths:2
Ziggurat: Depths:2

Annotations:
Zot:5 3 runed translucent doors, Donuwkat's ghost, veteran DsBe


Innate Abilities, Weirdness & Mutations

You are immune to sickness and miasma.
Your stone body is resilient. (AC +20)
You are immune to poison.
Your large and strong wings let you fly.
You resist negative energy. (rN+)
You are resistant to electric shocks. (rElec)
You are resistant to unholy torment.
You are immune to petrification.
You are agile. (Dex +4, Str/Int -1)
You have an uncontrollable temper.
Armour fits poorly on your strangely shaped body.
You are very dopey. (Int -4)
You are very frail. (-20% HP)
Your magical capacity is very low. (-20% MP)
Your muscles are strong. (Str +4, Int/Dex -1)
Your spells are a little harder to cast, but a little more powerful.
Potions are less effective at restoring your health.
You sometimes lose the ability to read scrolls when taking damage.
You have hidden genetic defects.


Message History

You see here a +0 whip.
There is a stone staircase leading up here.
You fly upwards.
There is a stone staircase leading down here.
Aiming: Dig
Press: ? - help, Shift-Dir - straight line You can't see that place.
The rock shatters into small pieces.
Aiming: Dig
Press: ? - help, Shift-Dir - straight line A rock wall.
This square is covered in magical glow.
The rock shatters into small pieces.
A cacodemon and an orange demon come into view.
The cacodemon attacks as you move away! The cacodemon hits you!
You block the cacodemon's attack. You block the orange demon's attack. x2
The orange demon stings you but does no damage.
The orange demon hits you but does no damage.
The cacodemon attacks as you move away! You block the cacodemon's attack.
The cacodemon barely misses you. The cacodemon gestures at you.
Strange energies course through your body.
You lose the ability to read scrolls when taking damage more often.
The orange demon barely misses you. x2
You block the orange demon's attack. You block the orange demon's attack.
The cacodemon hits you but does no damage.
The cacodemon misses you. The cacodemon attacks as you move away!
You block the cacodemon's attack. The cacodemon completely misses you.
The cacodemon attacks as you move away! You block the cacodemon's attack.
The cacodemon barely misses you. The cacodemon attacks as you move away!
You block the cacodemon's attack. x2
The cacodemon gestures at you. You resist with almost no effort.
The cacodemon attacks as you move away! You block the cacodemon's attack. x2
There is a staircase leading out of the dungeon here.
You block the cacodemon's attack. x2
The orange demon stings you but does no damage.
You have escaped!

###..............######
#...##########.....# #
#.#......4## #.....# #
#...♣♣.♣♣..###.....# #
###.♣♣♣♣.♣♣♣♣.##.....# #
###⌠.♣♣♣♣∩.∩♣♣♣♣.>.##### #
#....♣♣∩.....∩♣♣...########
#.#.♣♣∩..♣♣♣4.∩♣♣.........(
#.#.♣♣∩...@2..∩♣♣..........
#.#.♣♣∩..♣♣♣..∩♣♣..........
#....♣♣∩.....∩♣♣...........
#..>.♣♣♣.∩∩∩♣.♣♣.⌠.........
####.###.♣.♣♣♣♣♣...##.........
#......##..♣♣♣♣♣..###.........
#......###.......## #.........
#......############ #.........
#..)..............###.........


You could see a cacodemon and an orange demon.

Vanquished Creatures
  the Royal Jelly (Slime:5)
  Dissolution (Slime:2)
  3 dread liches (Zot:5)
  10 orbs of fire
  3 ancient liches
  A juggernaut (Depths:4)
  2 royal mummies (Tomb:1)
  Sojobo (Depths:3)
  Josephina (Depths:3)
  Vv (Depths:2)
  Boris (twice) (Depths:3 Depths:4)
  Margery (Vaults:3)
  A curse toe (Zot:1)
  4 Killer Klowns (Zot:5)
  4 caustic shrikes (Depths:4)
  Geryon (Hell)
  Jory (Crypt:2)
  10 golden dragons
  the Enchantress (Depths:2)
  6 bone dragons
  5 doom hounds
  6 hellephants
  An iron giant (Hell)
  4 Tzitzimimeh
  4 electric golems
  A Brimstone Fiend (Geh:5)
  16 tentacled monstrosities
  Zenata (Vaults:1)
  The ghost of Wyasic the Imperceptible, a veteran SpEn of Dithmenos (Vaults:2)
  Mlioglotl (Shoals:4)
  11 searing wretches
  3 liches
  28 Orb Guardians
  A walking earthen tome (Depths:2)
  24 acid blobs
  13 titans
  Grunn (Zot:1)
  6 quicksilver dragons
  Murray (Depths:1)
  Asterion (Vaults:1)
  The ghost of Cihotous the Executioner, an adept MiBe of Trog (Spider:3)
  The ghost of Apeheil the Alchemist, an adept HuAr of Ru (Spider:4)
  7 death cobs
  2 deep elf blademasters (Elf:3)
  A deep elf master archer (Elf:3)
  A kraken (Shoals:4)
  7 ancient champions
  3 tentacled starspawn (Abyss:3)
  21 sphinxes
  17 storm dragons
  5 tengu reavers
  8 shadow dragons
  A revenant (Crypt:3)
  5 draconian monks
  8 draconian knights
  6 rockslimes
  2 caustic shrike zombies (Hell)
  18 frost giants
  8 azure jellies
  8 ghost moths
  15 fire giants
  6 deep elf sorcerers
  8 draconian scorchers
  11 balrugs
  4 iron dragons
  2 orc warlords
  4 emperor scorpions
  7 draconian shifters
  3 deep elf elementalists
  14 vault wardens
  2 ghouls (Crypt:2)
  4 draconian stormcallers
  5 curse skulls
  5 draconian annihilators
  5 spriggan defenders
  6 reapers
  3 broodmothers (Spider:4)
  15 stone giants
  A juggernaut skeleton (Crypt:3)
  A caustic shrike skeleton (Crypt:3)
  8 quicksilver oozes
  A quicksilver ooze (shapeshifter) (Depths:2)
  10 ironbound preservers
  25 very ugly things
  3 war gargoyles
  8 green draconians
  4 ironbound thunderhulks
  5 putrid mouths
  5 spark wasps
  11 dire elephants
  A lorocyproca (Hell)
  6 purple draconians
  7 deep elf demonologists
  5 vampire knights
  8 deep elf annihilators
  A minotaur (Shoals:4)
  15 red draconians
  7 yellow draconians
  10 black draconians
  The ghost of Vogy the Eclecticist, a journeyman DEFE of Gozag (Orc:1)
  14 white draconians
  12 mummy priests
  3 blizzard demons (Hell)
  13 deep elf death magi
  2 eidola (Crypt:3)
  2 iron golems
  Snorg (D:13)
  4 spectral elves (Elf:1)
  11 ettins
  An entropy weaver (shapeshifter) (D:14)
  6 jiangshi
  A merfolk impaler (Shoals:1)
  12 yaktaur captains
  An entropy weaver (Spider:3)
  13 great orbs of eyes
  8 fire dragons
  6 hell beasts
  4 rakshasas
  30 vault guards
  9 deep elf high priests
  Erolcha (D:10)
  13 ice dragons
  A juggernaut simulacrum (Depths:3)
  2 spriggan skeletons (Crypt:3)
  An ogre mage (Vaults:5)
  6 hydras
  6 salamander tyrants
  A peacekeeper (Vaults:1)
  2 caustic shrike simulacra (Crypt:3)
  2 ghost crabs (Geh:4)
  A quicksilver dragon skeleton (Crypt:3)
  2 jorogumos
  An alligator snapping turtle (Shoals:1)
  2 catoblepae
  23 centaur warriors
  5 stokers
  7 radroaches
  12 satyrs
  6 spriggan air magi
  12 boulder beetles
  Erica (D:9)
  35 dancing weapons
  6 two-headed ogres
  20 ironbound frosthearts
  30 hell hogs
  2 death knights (Crypt:1)
  A death scarab (Spider:3)
  6 death yaks
  The ghost of Zigma the Cruncher, a journeyman OpSu of Yredelemnul (D:12)
  4 merfolk avatars
  6 spriggan berserkers
  8 tengu warriors
  4 deep troll earth magi
  3 deep troll shamans
  A thrashing horror (Abyss:3)
  4 merfolk aquamancers
  A spectral emperor scorpion (Spider:3)
  7 orc high priests
  4 vampire magi
  7 soul eaters
  7 sun demons
  The ghost of erthbison the Basher, a novice GrFi of Okawaru (D:8)
  11 deep elf knights
  43 hell knights
  44 skeletal warriors
  An iron giant zombie (Crypt:3)
  3 spectral ghost moths (Spider:3)
  7 pharaoh ants
  A ghost moth zombie (Crypt:3)
  A shadow wraith (Crypt:2)
  2 sun moths
  12 iron trolls
  2 wretched stars (Abyss:3)
  3 crystal echidnas (Geh:4)
  A storm dragon skeleton (Tomb:1)
  17 sea snakes
  5 elf simulacra (Elf:1)
  4 titan skeletons (Crypt:3)
  2 large abominations (Abyss:3)
  3 flayed ghosts
  39 deep trolls
  A tengu zombie (Vaults:3)
  12 orb spiders
  A bog body (Crypt:2)
  9 glowing orange brains
  4 orange crystal statues
  An anaconda zombie (Hell)
  The ghost of Opifex the Shield-Bearer, a novice TrFi of Okawaru (D:6)
  2 golden dragon zombies (Hell)
  A bunyip skeleton (Tomb:1)
  30 ironbound convokers
  14 lindwurms
  9 wizards
  9 orc knights
  A steelbarb worm (shapeshifter) (Vaults:5)
  5 deep elf archers
  21 harpies
  6 steelbarb worms
  9 necromancers
  13 phantasmal warriors
  33 deep elf pyromancers
  A fire giant zombie (Depths:1)
  A sphinx zombie (Hell)
  A harpy (shapeshifter) (Vaults:5)
  15 manticores
  2 oklob plants (Lair:4)
  5 shining eyes
  58 ugly things
  A shadow dragon skeleton (Crypt:3)
  21 wolf spiders
  19 fauns
  7 orc sorcerers
  2 frost giant zombies (Hell)
  24 deep elf zephyrmancers
  3 stone giant zombies
  A worldbinder (Abyss:3)
  7 cyclopes
  5 black mambas
  8 vault sentinels
  An elephant (Lair:5)
  2 water nymphs
  An iron dragon skeleton (Crypt:3)
  22 moths of wrath
  8 merfolk sirens
  2 stone giant skeletons
  A water nymph (shapeshifter) (Vaults:5)
  A dire elephant zombie (Crypt:1)
  The ghost of bosakos the Destroyer, a novice DECj (D:6)
  2 naga skeletons (Crypt:3)
  An emperor scorpion simulacrum (Spider:3)
  4 rust devils (Hell)
  4 orange demons
  4 smoke demons
  4 torpor snails
  7 demonic crawlers
  2 eyes of devastation
  11 komodo dragons
  3 spriggan zombies (Hell)
  A kobold demonologist (D:9)
  12 rime drakes
  13 cane toads
  An efreet (D:13)
  3 hellions
  9 freezing wraiths
  An ice devil (Lair:5)
  8 guardian mummies (Tomb:1)
  7 tormentors
  A bunyip simulacrum (Crypt:3)
  A hydra zombie (Hell)
  A spark wasp simulacrum (Depths:3)
  3 centaur skeletons (Crypt:3)
  A catoblepas skeleton (Crypt:1)
  An ancient zyme (Abyss:3)
  41 yaktaurs
  A minotaur skeleton (Crypt:3)
  5 tengu conjurers
  An alligator snapping turtle skeleton (Crypt:3)
  2 red devils (Lair:5)
  A burning bush (Lair:2)
  A ghost moth simulacrum (Spider:3)
  A green draconian skeleton (Crypt:2)
  2 golden dragon simulacra
  A harpy zombie (Crypt:2)
  The ghost of Dartaoz the Covered, an amateur AtFi (D:3)
  8 meliai
  15 merfolk
  10 wind drakes
  12 trolls
  8 polar bears
  4 tyrant leeches
  6 hornets
  8 dream sheep
  2 harpy skeletons (Crypt:3)
  An alligator zombie (Hell)
  Prince Ribbit (D:9)
  A tarantella zombie (Crypt:3)
  A wolf spider simulacrum (Spider:3)
  32 tarantellas
  An elf zombie (Vaults:3)
  4 snapping turtles
  A moth of wrath zombie (Crypt:1)
  25 blink frogs
  An iron dragon simulacrum (Depths:3)
  14 flying skulls
  27 jumping spiders
  A slime creature (shapeshifter) (Vaults:2)
  23 culicivoras
  A fire dragon skeleton (Crypt:3)
  4 air elementals
  2 fire giant simulacra
  6 spriggans (Depths:2)
  6 ushabtiu (Tomb:1)
  98 slime creatures
  A vampire (D:9)
  An ice dragon skeleton (Crypt:2)
  3 wyverns
  An elf skeleton (Vaults:3)
  A basilisk (shapeshifter) (Depths:4)
  19 water elementals
  9 wraiths
  A ynoxinul (Abyss:3)
  42 yaks
  A fire elemental (Elf:2)
  8 vampire mosquitoes
  A black mamba skeleton (Crypt:3)
  9 golden eyes
  A hog (shapeshifter) (Vaults:5)
  2 steam dragons
  54 redbacks
  6 basilisks
  A harpy simulacrum (Crypt:3)
  2 swamp worms (shapeshifter)
  A human zombie (Hell)
  A warg (Orc:1)
  A naga zombie (Tomb:1)
  10 water moccasins
  A glowing shapeshifter zombie (Hell)
  6 hell hounds
  A deep troll skeleton (Crypt:3)
  2 glowing shapeshifter skeletons
  2 hydra simulacra (Hell)
  2 floating eyes
  A spectral troll (Orc:1)
  3 ice beasts
  A cane toad skeleton (Crypt:1)
  2 black bears
  32 orc warriors
  3 sky beasts
  The ghost of Azuvok the Chopper, an amateur MiFi (D:3)
  6 ogres
  A hog zombie (Crypt:1)
  2 alligator simulacra (Hell)
  An ogre (shapeshifter) (Elf:2)
  7 wolves
  20 centaurs
  10 kobold brigands
  2 small abominations
  13 bullfrogs
  2 necrophages (Crypt:2)
  A gnoll sergeant (D:13)
  5 scorpions
  A two-headed ogre simulacrum (Orc:1)
  4 wights (D:8)
  A queen bee zombie (Crypt:1)
  A spectral ogre (Orc:1)
  A killer bee (D:8)
  10 howler monkeys
  A polar bear skeleton (Crypt:3)
  3 hounds (D:5)
  A jelly (shapeshifter) (Vaults:5)
  18 orc priests
  7 jellies
  A quasit (Abyss:3)
  A cyclops simulacrum (Orc:1)
  An iron imp (Abyss:3)
  2 gnoll boudas
  3 iguanas
  Terence (D:2)
  A basilisk skeleton (Crypt:2)
  2 spectral orcs (Orc:1)
  16 orc wizards
  A boggart zombie (Crypt:2)
  An acid dragon skeleton (Crypt:3)
  A hound skeleton (Crypt:2)
  Robin (D:2)
  19 mummies (Tomb:1)
  7 gnolls
  A river rat (shapeshifter) (Elf:2)
  7 adders
  3 shadow imps
  4 white imps
  2 orc simulacra (Orc:1)
  2 worms
  3 dart slugs
  67 orcs
  12 ball pythons
  4 bats
  5 endoplasms
  4 giant cockroaches
  8 goblins
  13 hobgoblins
  4 jackals (D:5)
  2 quokkas
  3 training dummies (Shoals:1)
  A ball python skeleton (Crypt:2)
  An endoplasm zombie (Crypt:1)
  3 frilled lizards
  A giant cockroach zombie (Crypt:2)
  16 kobolds
  2 orc skeletons (Crypt:3)
  7 rats
  A bush (Lair:2)
  A creeping inferno (Geh:4)
  15 fire vortices
  A starspawn tentacle (Abyss:3)
  3 tentacles (Shoals:4)
2687 creatures vanquished.

Vanquished Creatures (collateral kills)
  A stone giant (Depths:2)
  A tengu warrior (Depths:2)
  An ugly thing (Depths:2)
3 creatures vanquished.

Vanquished Creatures (others)
  A fire giant (Geh:1)
  A draconian knight (Zot:5)
  A hell hog (Geh:3)
  A deep elf knight (Elf:2)
  A deep elf zephyrmancer (Elf:1)
  A torpor snail (Lair:2)
  A demonic crawler (Spider:3)
  2 polar bears (IceCv)
  A hornet (Depths:2)
  A merfolk (Shoals:4)
  A water elemental (Shoals:1)
  A hell hound (Hell)
  An orc wizard (D:12)
  A bush (Lair:5)
  2 creeping infernos (Geh:1)
  5 fire vortices
  19 fungi
  59 plants
  8 starspawn tentacles (Abyss:3)
  9 tentacles (Shoals:4)
  13 withered plants
130 creatures vanquished.

Grand Total: 2820 creatures vanquished

Notes
Turn   | Place    | Note
-------+----------+-------------------------------------------
     0 | D:1      | WienerDreamer the Gargoyle Fighter began the quest for the
                  | Orb.
     0 | D:1      | Reached XP level 1. HP: 14/14 MP: 1/1
   144 | D:1      | Reached XP level 2. HP: 20/20 MP: 2/2
   294 | D:1      | Found a faded altar of an unknown god.
   304 | D:1      | Prayed at the altar of an unknown god.
   304 | D:1      | Became a worshipper of Gozag Ym Sagoz the Greedy
   891 | D:2      | Reached XP level 3. HP: 24/24 MP: 3/3
  1067 | D:2      | Noticed Robin
  1087 | D:2      | Killed Robin
  1088 | D:2      | Reached XP level 4. HP: 28/30 MP: 4/4
  1121 | D:2      | Reached skill level 5 in Fighting
  1326 | D:2      | Noticed Terence
  1413 | D:2      | Killed Terence
  1414 | D:2      | Reached XP level 5. HP: 19/35 MP: 5/5
  1988 | D:3      | Found a runed translucent gate.
  1988 | D:3      | Found a runed translucent gate.
  1988 | D:3      | Found a runed translucent gate.
  2060 | D:3      | Noticed Dartaoz's ghost (amateur AtFi)
  2060 | D:3      | Noticed Azuvok's ghost (amateur MiFi)
  2148 | D:3      | Identified the +7 spear "Yrhem" {venom, *Rage rElec rF+}
  2698 | D:4      | Found a sacrificial altar of Ru.
  2914 | D:4      | Reached XP level 6. HP: 38/41 MP: 6/6
  2944 | D:4      | Reached skill level 5 in Shields
  3459 | D:4      | Found a glowing silver altar of Zin.
  3461 | D:4      | Found a glowing silver altar of Zin.
  3461 | D:4      | Found an iron altar of Okawaru.
  3463 | D:4      | Found a shadowy altar of Dithmenos.
  3463 | D:4      | Found a shimmering altar of Xom.
  3463 | D:4      | Found an iron altar of Okawaru.
  3523 | D:5      | Entered Level 5 of the Dungeon
  3680 | D:5      | Found an iron altar of Okawaru.
  3924 | D:5      | Reached XP level 7. HP: 48/48 MP: 7/7
  4037 | D:5      | Found a bloodstained altar of Trog.
  4547 | D:6      | Reached XP level 8. HP: 55/55 MP: 8/8
  4621 | D:6      | Identified the ring "Yxkacral" {rCorr EV+5 Int+3 Dex-4}
  4719 | D:6      | Found Peoggos's Assorted Antiques.
  4724 | D:6      | Bought a runed broad axe for 154 gold pieces
  4724 | D:6      | Bought a pitted plate armour for 616 gold pieces
  4724 | D:6      | Identified the +4 plate armour "Woxaloh" {Int+4} (You
                  | bought it in a shop on level 6 of the Dungeon)
  4807 | D:6      | Identified the ring of Noon {+Blink EV+5 Str-2 Dex+3}
  4820 | D:6      | Found a runed translucent gate.
  4820 | D:6      | Found a runed translucent gate.
  4821 | D:6      | Found a runed translucent gate.
  4887 | D:6      | Reached skill level 1 in Axes
  4983 | D:6      | Noticed Opifex's ghost (novice TrFi)
  4984 | D:6      | Noticed bosakos's ghost (novice DECj)
  5500 | D:7      | Reached XP level 9. HP: 60/61 MP: 9/9
  5695 | D:7      | Found a staircase to the Ecumenical Temple.
  5794 | Temple   | Entered the Ecumenical Temple
  5987 | D:8      | Noticed a two-headed ogre
  6001 | D:8      | Killed a two-headed ogre
  6002 | D:8      | Reached skill level 10 in Fighting
  6002 | D:8      | Reached skill level 5 in Axes
  6179 | D:8      | Noticed a hornet
  6189 | D:8      | Noticed a centaur warrior
  6190 | D:8      | Killed a hornet
  6327 | D:8      | Reached XP level 10. HP: 62/68 MP: 10/10
  6435 | D:8      | Noticed a two-headed ogre
  6448 | D:8      | Killed a two-headed ogre
  6645 | D:8      | Found a runed translucent door.
  6656 | D:8      | Noticed erthbison's ghost (novice GrFi)
  6901 | D:8      | Killed a centaur warrior
  7003 | D:9      | Noticed a kobold demonologist
  7006 | D:9      | Noticed Prince Ribbit
  7013 | D:9      | Noticed a sun demon
  7013 | D:9      | Killed a kobold demonologist
  7031 | D:9      | Killed Prince Ribbit
  7096 | D:9      | Found a flagged portal.
  7109 | Bailey   | Entered a bailey
  7265 | Bailey   | Identified the +3 pair of boots of Beogh's Condemnation
                  | {Int+4 Dex+4}
  7297 | Bailey   | Reached XP level 11. HP: 74/76 MP: 11/11
  7319 | Bailey   | Found a bloodstained altar of Trog.
  7710 | D:9      | Found a basalt altar of Yredelemnul.
  7724 | D:9      | Noticed Erica
  7749 | D:9      | Killed Erica
  7750 | D:9      | Reached skill level 10 in Axes
  7808 | D:9      | Found a staircase to the Lair.
  7982 | D:9      | Found a hide-covered altar of Uskayaw.
  7989 | D:9      | Found a white marble altar of Elyvilon.
  8128 | D:10     | Entered Level 10 of the Dungeon
  8253 | D:10     | Noticed Erolcha
  8258 | D:10     | Found an opulent altar of Gozag.
  8271 | D:10     | Killed Erolcha
  8545 | D:10     | Found a staircase to the Orcish Mines.
  8545 | D:10     | Found Dehyskuh's Armour Shoppe.
  8606 | D:10     | Bought a +0 pair of gloves for 58 gold pieces
  8606 | D:10     | Bought a +0 kite shield of protection for 149 gold pieces
  8606 | D:10     | Bought the +1 helmet of Yxkiak {Regen+ rCorr Str+3 Dex+2}
                  | for 423 gold pieces
  8744 | D:11     | Noticed a boulder beetle
  8756 | D:11     | Killed a boulder beetle
  8881 | D:11     | Noticed a cyclops
  8887 | D:11     | Noticed a cyclops
  8915 | D:11     | Killed a cyclops
  9125 | D:11     | Noticed a boulder beetle
  9139 | D:11     | Killed a boulder beetle
  9225 | D:11     | Killed a cyclops
  9541 | D:12     | Noticed a two-headed ogre
  9546 | D:12     | Killed a two-headed ogre
  9569 | D:12     | Noticed a two-headed ogre
  9587 | D:12     | Killed a two-headed ogre
  9588 | D:12     | Reached XP level 12. HP: 84/84 MP: 12/12
  9749 | D:12     | Reached skill level 5 in Armour
  9771 | D:12     | Found Xutul's Magic Scroll Boutique.
  9782 | D:12     | Bought a scroll of fog for 60 gold pieces
  9782 | D:12     | Bought 2 scrolls of identify for 60 gold pieces
  9784 | D:12     | Bought a scroll of identify for 30 gold pieces
  9784 | D:12     | Bought a scroll of identify for 30 gold pieces
  9784 | D:12     | Bought a scroll of identify for 30 gold pieces
  9785 | D:12     | Identified a scroll of acquirement
  9789 | D:12     | Acquired a manual of Axes
 10316 | D:12     | Noticed a two-headed ogre
 10318 | D:12     | Found a runed translucent door.
 10327 | D:12     | Killed a two-headed ogre
 10328 | D:12     | Noticed Zigma's ghost (journeyman OpSu)
 10599 | D:12     | Killed Zigma's ghost
 10702 | D:13     | Found a gate to the Vaults.
 10832 | Lair:1   | Entered Level 1 of the Lair of Beasts
 11880 | Lair:2   | Found a hole to the Spider Nest.
 11885 | Lair:2   | Noticed a boulder beetle
 11901 | Lair:2   | Killed a boulder beetle
 11902 | Lair:2   | Reached XP level 13. HP: 86/90 MP: 13/13
 12583 | Lair:3   | Reached skill level 15 in Axes
 12987 | Lair:3   | Found a staircase to the Shoals.
 13712 | Lair:4   | Found a viscous altar of Jiyva.
 13714 | Lair:4   | Found a staircase to the Slime Pits.
 13778 | Lair:4   | Acquired 1066 gold pieces
 14424 | Lair:5   | Entered Level 5 of the Lair of Beasts
 14506 | Lair:5   | Reached skill level 15 in Fighting
 14575 | Lair:5   | Gained mutation: Your large and strong wings let you fly.
                  | [Gargoyle growth]
 14575 | Lair:5   | Reached XP level 14. HP: 90/98 MP: 14/14
 14704 | Lair:5   | Found a hide-covered altar of Uskayaw.
 14934 | Lair:5   | Reached skill level 10 in Armour
 15227 | Lair:5   | Found a burning altar of Makhleb.
 15312 | Lair:5   | Found a gateway to Hell.
 16158 | Orc:1    | Entered Level 1 of the Orcish Mines
 16262 | Orc:1    | Found Fiosonem's Armour Shoppe.
 16283 | Orc:1    | Found Umastrutt's Vocational Training.
 16318 | Orc:1    | Found Ruclosi's General Store.
 16350 | Orc:1    | Found a runed translucent gate.
 16350 | Orc:1    | Found a runed translucent gate.
 16350 | Orc:1    | Found a runed translucent gate.
 16372 | Orc:1    | Found Kiujaleg's Antique Weapon Boutique.
 16601 | Orc:1    | Found Boexzued's General Store.
 16610 | Orc:1    | Noticed Vogy's ghost (journeyman DEFE)
 16824 | Orc:1    | Killed Vogy's ghost
 16870 | Orc:2    | Entered Level 2 of the Orcish Mines
 16877 | Orc:2    | Found Foafuef's Assorted Antiques.
 17225 | Orc:2    | Found a staircase to the Elven Halls.
 17333 | Orc:2    | Reached XP level 15. HP: 108/108 MP: 15/15
 17516 | Orc:2    | Found Humuxtiph's Antique Armour Shoppe.
 17516 | Orc:2    | Found Gifrot's Book Shoppe.
 17517 | Orc:2    | Found Toilybu's Antique Armour Emporium.
 17517 | Orc:2    | Found Yvvokliqath's Book Shoppe.
 17529 | Orc:2    | Bought Iklaneif's Directory of Elliptic Injury for 312 gold
                  | pieces
 17529 | Orc:2    | Bought a book of the Moon for 520 gold pieces
 17530 | Orc:2    | Bought a book of Sloth for 432 gold pieces
 17610 | Orc:2    | Bought a scroll of enchant armour for 232 gold pieces
 17641 | Orc:1    | Bought a manual of Evocations for 1040 gold pieces
 17674 | Orc:1    | Bought a runed broad axe for 231 gold pieces
 17674 | Orc:1    | Bought a glowing broad axe for 231 gold pieces
 17693 | Orc:1    | Bought a potion of might for 60 gold pieces
 17693 | Orc:1    | Bought a scroll of magic mapping for 112 gold pieces
 17712 | Orc:1    | Bought 2 potions of haste for 260 gold pieces
 17712 | Orc:1    | Bought a scroll of enchant weapon for 97 gold pieces
 17712 | Orc:1    | Bought a scroll of blinking for 97 gold pieces
 17886 | D:3      | Killed Dartaoz's ghost
 17888 | D:3      | Killed Azuvok's ghost
 18006 | D:6      | Killed Opifex's ghost
 18010 | D:6      | Killed bosakos's ghost
 18091 | D:8      | Killed erthbison's ghost
 18243 | D:13     | Noticed Snorg
 18248 | D:13     | Killed Snorg
 19037 | D:14     | Reached skill level 1 in Evocations
 19804 | D:15     | Entered Level 15 of the Dungeon
 19898 | D:15     | Found a staircase to the Depths.
 19954 | D:15     | Reached skill level 10 in Shields
 20057 | D:15     | Reached skill level 5 in Evocations
 20286 | D:15     | Found an ornate altar of the Wu Jian Council.
 20292 | D:15     | Reached XP level 16. HP: 118/118 MP: 16/16
 20673 | Spider:1 | Entered Level 1 of the Spider Nest
 21490 | Spider:1 | You are sucked into a shaft and drop 1 floor!
 23614 | Spider:3 | Reached skill level 10 in Evocations
 23634 | Spider:3 | Found a frozen archway.
 23700 | IceCv    | Entered an ice cave
 23745 | IceCv    | Reached XP level 17. HP: 125/125 MP: 17/17
 24045 | IceCv    | Identified the ring "Usazxudotz" {Ice Fly Will+ MP+9}
 24677 | Spider:3 | Found a transporter.
 24683 | Spider:3 | Found a transporter.
 24716 | Spider:3 | Noticed Cihotous's ghost (adept MiBe)
 24881 | Spider:3 | Killed Cihotous's ghost
 25207 | Spider:4 | Entered Level 4 of the Spider Nest
 25653 | Spider:4 | Found a runed translucent door.
 25654 | Spider:4 | Found a shimmering altar of Xom.
 25654 | Spider:4 | Noticed Apeheil's ghost (adept HuAr)
 25855 | Spider:4 | Reached XP level 18. HP: 134/134 MP: 18/18
 26054 | Spider:4 | Got a gossamer rune of Zot
 26374 | Spider:4 | Reached skill level 15 in Shields
 26811 | Shoals:1 | Entered Level 1 of the Shoals
 27155 | Shoals:1 | Found Qiehiw's Armour Emporium.
 27169 | Shoals:1 | Found Wuybipp's Antique Armour Shoppe.
 27196 | Shoals:1 | Bought an encrusted cloak for 180 gold pieces
 27196 | Shoals:1 | Identified the +1 cloak of Optimism {+Blink} (You bought it
                  | in a shop on level 1 of the Shoals)
 27321 | Shoals:1 | Found Coxaac's Magic Scroll Emporium.
 27345 | Shoals:1 | Reached skill level 1 in Conjurations
 27359 | Shoals:1 | Bought a scroll of enchant armour for 135 gold pieces
 27556 | Shoals:1 | Found Usmoq's Firing Range.
 28631 | Shoals:3 | Found Icuvewko's General Store.
 28634 | Shoals:3 | Found Asuky's Specific Store.
 28639 | Shoals:3 | Bought a ring of willpower for 425 gold pieces
 29257 | Shoals:4 | Entered Level 4 of the Shoals
 29281 | Shoals:4 | Reached skill level 5 in Conjurations
 29305 | Shoals:4 | Noticed Mlioglotl
 29324 | Shoals:4 | Reached XP level 19. HP: 126/140 MP: 19/19
 29359 | Shoals:4 | Identified the ring "Isix" {EV+5 Str+8 Int-3}
 29362 | Shoals:4 | Got a barnacled rune of Zot
 29416 | Shoals:4 | Got Reqaiplo's Spellbook of Contaminated Sidekicks
 29631 | Shoals:4 | Killed Mlioglotl
 29661 | Shoals:4 | Paralysed by a sphinx for 5 turns
 30373 | Vaults:1 | Entered Level 1 of the Vaults
 30460 | Vaults:1 | Reached skill level 1 in Earth Magic
 30464 | Vaults:1 | Reached skill level 1 in Spellcasting
 31077 | Vaults:1 | Noticed Asterion
 31088 | Vaults:1 | Killed Asterion
 31089 | Vaults:1 | Reached skill level 10 in Conjurations
 31089 | Vaults:1 | Reached skill level 1 in Translocations
 31382 | Vaults:1 | Noticed Zenata
 31397 | Vaults:1 | Killed Zenata
 31696 | Vaults:2 | Paralysed by a sphinx for 3 turns
 31713 | Vaults:2 | Reached XP level 20. HP: 147/148 MP: 23/25
 31949 | Vaults:2 | Reached skill level 5 in Earth Magic
 32472 | Abyss:2  | Cast into level 2 of the Abyss (a wizard)
 32510 | Abyss:3  | Found a corrupted altar of Lugonu.
 32615 | Abyss:3  | Reached skill level 5 in Spellcasting
 32695 | Abyss:3  | Found a snail-covered altar of Cheibriados.
 32695 | Abyss:3  | Found a corrupted altar of Lugonu.
 32695 | Abyss:3  | Found a snail-covered altar of Cheibriados.
 32695 | Abyss:3  | Found a corrupted altar of Lugonu.
 32695 | Abyss:3  | Found a snail-covered altar of Cheibriados.
 32695 | Abyss:3  | Found a corrupted altar of Lugonu.
 32719 | Abyss:3  | Found a corrupted altar of Lugonu.
 32727 | Vaults:2 | Escaped the Abyss
 33100 | Vaults:2 | Found a large runed translucent door.
 33100 | Vaults:2 | Found a large runed translucent door.
 33100 | Vaults:2 | Noticed Wyasic's ghost (veteran SpEn)
 33180 | Vaults:2 | Found a staircase to the Crypt.
 33180 | Vaults:2 | Found a basalt altar of Yredelemnul.
 33181 | Vaults:2 | Found an ancient bone altar of Kikubaaqudgha.
 33247 | Vaults:2 | Found a transporter.
 33259 | Vaults:2 | Found a transporter.
 33343 | Vaults:2 | Identified the +4 rapier "Doseiqa" {heavy, Int+4 SInv}
 33348 | Vaults:2 | Identified the ring "Xiamats" {rF- rCorr Str+2 Stlth+}
 33564 | Vaults:2 | Killed Wyasic's ghost
 33981 | Vaults:3 | Found Urchicin's Book Boutique.
 33984 | Vaults:3 | Bought a manual of Fighting for 1520 gold pieces
 34088 | Vaults:3 | Reached XP level 21. HP: 124/155 MP: 30/30
 34866 | Vaults:3 | Noticed Margery
 34877 | Vaults:3 | Killed Margery
 35557 | Vaults:4 | Learned a level 1 spell: Apportation
 35561 | Vaults:4 | Learned a level 2 spell: Passwall
 35579 | Vaults:4 | Learned a level 5 spell: Irradiate
 35588 | Vaults:4 | Learned a level 8 spell: Lehudib's Crystal Spear
 35595 | Vaults:4 | Learned a level 6 spell: Iron Shot
 35601 | Vaults:4 | Learned a level 5 spell: Silence
 36689 | Crypt:1  | Entered Level 1 of the Crypt
 36749 | Crypt:1  | Reached skill level 15 in Conjurations
 36868 | Crypt:1  | You are sucked into a shaft and drop 1 floor!
 37042 | Crypt:2  | Reached skill level 10 in Earth Magic
 37203 | Crypt:1  | Paralysed by a vampire knight for 3 turns
 38182 | Crypt:2  | Noticed Jory
 38204 | Crypt:2  | Killed Jory
 38670 | Crypt:3  | Entered Level 3 of the Crypt
 38828 | Crypt:3  | Reached skill level 1 in Hexes
 38828 | Crypt:3  | Reached XP level 22. HP: 164/164 MP: 34/34
 38841 | Crypt:3  | Reached skill level 1 in Air Magic
 39056 | Crypt:2  | Found an ancient bone altar of Kikubaaqudgha.
 39105 | Crypt:3  | Found a staircase to the Tomb.
 39418 | Crypt:3  | Found an ancient bone altar of Kikubaaqudgha.
 39466 | Crypt:3  | Noticed an ancient lich
 39496 | Crypt:3  | Killed an ancient lich
 39522 | Crypt:3  | Found the +6 Majin-Bo {vamp, MP+6 Int+6}
 40417 | Elf:1    | Entered Level 1 of the Elven Halls
 40440 | Elf:1    | Reached skill level 5 in Hexes
 40554 | Elf:1    | Paralysed by an air elemental for 1 turns
 40562 | Elf:1    | Paralysed by an air elemental for 1 turns
 40621 | Elf:1    | Paralysed by an air elemental for 1 turns
 40625 | Elf:1    | Paralysed by an air elemental for 1 turns
 40673 | Elf:1    | Found Ywumm's Antique Weapon Shoppe.
 40788 | Elf:1    | Reached skill level 5 in Air Magic
 40849 | Elf:1    | Got Xocobbuo's Parchment of the Missiles
 40885 | Elf:1    | Paralysed by an air elemental for 1 turns
 40890 | Elf:1    | Paralysed by an air elemental for 1 turns
 41516 | Elf:2    | Identified the +5 hand axe "Conservator" {flame, *Noise
                  | Str+4 Dex+4}
 41578 | Elf:2    | Acquired 705 gold pieces
 41681 | Elf:2    | Reached XP level 23. HP: 155/173 MP: 36/36
 41743 | Elf:2    | Found Roapep's General Store.
 41751 | Elf:2    | Bought a scroll of acquirement for 884 gold pieces
 41751 | Elf:2    | Acquired the ring "Sataularr" {rPois AC+4 Int-2 Dex-4 SInv}
 41854 | Elf:2    | Identified the +6 hand axe "Civoeg" {antimagic, Int+4 Dex-2
                  | SInv Stlth+}
 42024 | Elf:2    | Found a runed translucent gate.
 42024 | Elf:2    | Found a runed translucent gate.
 42025 | Elf:2    | Found a runed translucent gate.
 42484 | Elf:3    | Entered Level 3 of the Elven Halls
 42612 | Elf:3    | Identified the +8 war axe of Cheibriados's Wrath {heavy,
                  | Contam rElec rPois MP+9}
 42799 | Elf:3    | Identified the +7 dagger of the Onslaught {elec, rC+}
 43063 | Elf:3    | Identified the +8 halberd "Elue" {freeze, rElec Int-2
                  | Dex+5}
 43238 | Elf:3    | Identified the ring of Nykosch {*Corrode +Blink Fly rPois
                  | Dex+8 Slay-6}
 43239 | Elf:3    | Identified the +8 war axe of Callousness {heavy, +Blink rC+
                  | Str+4 Dex-5}
 43245 | Elf:3    | Identified the +5 ring mail of Nuwu {rF+ Will+ Dex-2 SInv}
 43343 | Elf:3    | Identified the +4 buckler "Radin" {Stlth+}
 43343 | Elf:3    | Identified the +5 long sword "Gargoyle's Foe" {heavy, SInv}
 43356 | Elf:3    | Identified the +8 quarterstaff "Kiututubb" {venom, Fly rF-
                  | Will++ SInv}
 43358 | Elf:3    | Identified the +1 helmet of Poor Excuses {rElec Dex+3
                  | Slay+2}
 43596 | Elf:3    | Gained mutation: You occasionally shout uncontrollably at
                  | your foes. [potion of mutation]
 43597 | Elf:3    | Lost mutation: You occasionally shout uncontrollably at
                  | your foes. [potion of mutation]
 43597 | Elf:3    | Gained mutation: Armour fits poorly on your strangely
                  | shaped body. [potion of mutation]
 43598 | Elf:3    | Lost mutation: Armour fits poorly on your strangely shaped
                  | body. [potion of mutation]
 43598 | Elf:3    | Gained mutation: Your magical capacity is low. (-10% MP)
                  | [potion of mutation]
 43598 | Elf:3    | Lost mutation: Your magical capacity is low. (-10% MP)
                  | [potion of mutation]
 43598 | Elf:3    | Gained mutation: You are partially covered in iridescent
                  | scales. (AC +2) [potion of mutation]
 43866 | Depths:1 | Entered Level 1 of the Depths
 43984 | Depths:1 | Bought a pair of steaming gloves for 275 gold pieces
 43984 | Depths:1 | Identified the +1 pair of gloves of the Iron Devil {rF-
                  | rCorr Str+5} (You bought it in a shop on level 1 of the
                  | Depths)
 43984 | Depths:1 | Bought a runed cloak for 217 gold pieces
 44250 | Slime:1  | Entered Level 1 of the Pits of Slime
 44264 | Slime:1  | Gained mutation: You occasionally lose the ability to drink
                  | potions when taking damage. [a shining eye]
 44269 | Slime:1  | Gained mutation: You occasionally lose the ability to read
                  | scrolls when taking damage. [a shining eye]
 44432 | Slime:4  | Gained mutation: You are weak. (Str -2) [a shining eye]
 44433 | Slime:4  | Gained mutation: You have a pair of small horns on your
                  | head. [a shining eye]
 44491 | Slime:4  | Lost mutation: You are partially covered in iridescent
                  | scales. (AC +2) [potion of mutation]
 44491 | Slime:4  | Lost mutation: You are weak. (Str -2) [potion of mutation]
 44491 | Slime:4  | Gained mutation: You are clumsy. (Dex -2) [potion of
                  | mutation]
 44491 | Slime:4  | Gained mutation: You possess an exceptional clarity of
                  | mind. [potion of mutation]
 44491 | Slime:4  | Lost mutation: You are clumsy. (Dex -2) [potion of
                  | mutation]
 44492 | Slime:4  | Lost mutation: You have a pair of small horns on your head.
                  | [potion of mutation]
 44492 | Slime:4  | Lost mutation: You occasionally lose the ability to read
                  | scrolls when taking damage. [potion of mutation]
 44492 | Slime:4  | Lost mutation: You occasionally lose the ability to drink
                  | potions when taking damage. [potion of mutation]
 44492 | Slime:4  | Gained mutation: You occasionally lose the ability to drink
                  | potions when taking damage. [potion of mutation]
 44492 | Slime:4  | Gained mutation: You have sharp toenails. [potion of
                  | mutation]
 44493 | Slime:4  | Lost mutation: You possess an exceptional clarity of mind.
                  | [potion of mutation]
 44493 | Slime:4  | Lost mutation: You have sharp toenails. [potion of
                  | mutation]
 44493 | Slime:4  | Gained mutation: Your muscles are strong. (Str +4, Int/Dex
                  | -1) [potion of mutation]
 44493 | Slime:4  | Gained mutation: You are covered in fur. (AC +1) [potion of
                  | mutation]
 44495 | Slime:5  | Entered Level 5 of the Pits of Slime
 45406 | Slime:4  | Reached XP level 24. HP: 170/180 MP: 36/36
 45424 | Slime:4  | Gained mutation: You are dopey. (Int -2) [a shining eye]
 45636 | Slime:5  | Noticed the Royal Jelly
 45697 | Slime:5  | Killed the Royal Jelly
 46447 | Slime:5  | Paralysed by a great orb of eyes for 3 turns
 46507 | Slime:5  | Got a slimy rune of Zot
 46513 | Slime:5  | Identified the +0 chain mail of Daunguc {rPois rF+}
 46572 | Slime:5  | Identified the +0 leather armour of Pewid {rC+ Int+3}
 46591 | Slime:5  | Identified the +5 ring mail "Raasoa" {rF- rC- Str+4}
 46686 | Slime:5  | Lost mutation: You are dopey. (Int -2) [potion of mutation]
 46686 | Slime:5  | Lost mutation: You occasionally lose the ability to drink
                  | potions when taking damage. [potion of mutation]
 46686 | Slime:5  | Gained mutation: You have very sharp teeth. [potion of
                  | mutation]
 46686 | Slime:5  | Lost mutation: Your muscles are strong. (Str +4, Int/Dex
                  | -1) [potion of mutation]
 46686 | Slime:5  | Gained mutation: Potions are less effective at restoring
                  | your health. [potion of mutation]
 46687 | Slime:5  | Lost mutation: Potions are less effective at restoring your
                  | health. [potion of mutation]
 46687 | Slime:5  | Lost mutation: You have very sharp teeth. [potion of
                  | mutation]
 46687 | Slime:5  | Lost mutation: You are covered in fur. (AC +1) [potion of
                  | mutation]
 46687 | Slime:5  | Gained mutation: You have sharp toenails. [potion of
                  | mutation]
 46687 | Slime:5  | Gained mutation: You are clumsy. (Dex -2) [potion of
                  | mutation]
 46687 | Slime:5  | Gained mutation: Your movements are slightly less
                  | encumbered by armour. (ER -2) [potion of mutation]
 46880 | Slime:2  | Noticed Dissolution
 46891 | Slime:2  | Killed Dissolution
 47355 | Vaults:5 | Entered Level 5 of the Vaults
 47722 | Vaults:5 | Identified the +2 falchion "Vuiklig" {drain, rF- Str+3
                  | Int+6}
 47722 | Vaults:5 | Identified the ring of Oquosch {rElec rF+ Str+6 Slay-3}
 47742 | Vaults:5 | Reached skill level 10 in Hexes
 47824 | Vaults:5 | Found Eborusay's Distillery.
 47864 | Vaults:5 | Bought a potion of invisibility for 152 gold pieces
 47984 | Vaults:5 | Found the +3 pair of mountain boots {steadfast, rC+}
 48030 | Vaults:5 | Noticed an ancient lich
 48064 | Vaults:5 | Killed an ancient lich
 48152 | Vaults:5 | Reached XP level 25. HP: 176/182 MP: 36/36
 48240 | Vaults:5 | Got a silver rune of Zot
 48249 | Vaults:5 | Reached skill level 10 in Air Magic
 48465 | Vaults:5 | Identified the +8 ring mail "Juguinots" {Slay+2}
 48511 | Vaults:5 | Identified the +5 scale mail of Kuahonki {rCorr Str-2
                  | Stlth+}
 48547 | Vaults:5 | Identified the +7 chain mail of a sewer {rC+ rN+ Str+3
                  | Dex+4}
 48565 | Vaults:5 | Reached skill level 15 in Armour
 48605 | Vaults:5 | Lost mutation: You are clumsy. (Dex -2) [a shining eye]
 49497 | Depths:1 | Bought the dreamshard necklace {*Dream Drain} for 2800 gold
                  | pieces
 49497 | Depths:1 | Found the dreamshard necklace {*Dream Drain}
 49508 | Depths:1 | Bought a pair of embroidered gloves for 292 gold pieces
 49534 | Depths:1 | Found a runed translucent door.
 49833 | Depths:1 | Found a one-way gate leading to the halls of Pandemonium.
 50128 | Depths:1 | Found Jydaezua's General Store.
 50132 | Depths:1 | Found Joteorchi's Jewellery Shoppe.
 50136 | Depths:1 | Bought a scroll of enchant armour for 172 gold pieces
 50730 | Depths:2 | Noticed Vv
 50731 | Depths:2 | Noticed the Enchantress
 50926 | Depths:2 | Reached skill level 1 in Transmutations
 51227 | Depths:2 | Upgraded the game from 0.30-a0-600-gb7c8574cbb to
                  | 0.30-a0-610-gb513c0a51f
 51571 | Depths:2 | Killed the Enchantress
 51821 | Depths:2 | Killed Vv
 51831 | Depths:2 | Reached XP level 26. HP: 124/192 MP: 11/36
 52128 | Depths:2 | Identified the +2 plate armour of Light {rF+}
 52275 | Depths:2 | Found a one-way gateway to a ziggurat.
 52725 | Depths:3 | Identified the +3 quick blade of Totaow {heavy, rC+ rN+
                  | Will+}
 52835 | Depths:3 | Noticed Boris
 52879 | Depths:3 | Killed Boris
 52996 | Depths:3 | Noticed Sojobo
 53025 | Depths:3 | Killed Sojobo
 53086 | Depths:3 | Found Unasig's CLEARANCE SALE!.
 53099 | Depths:3 | Bought a scroll of enchant armour for 37 gold pieces
 53244 | Depths:3 | Found a hazy altar of Hepliaklqana.
 53474 | Depths:3 | Found a one-way gate to the infinite horrors of the Abyss.
 53594 | Depths:3 | Identified the ring "Ilifromy" {Ice Will- rCorr Int+3
                  | Dex+2}
 53594 | Depths:3 | Noticed Josephina
 53600 | Depths:3 | Reached skill level 5 in Transmutations
 53629 | Depths:3 | Killed Josephina
 53689 | Depths:3 | Identified the +2 arbalest "Mextek" {freeze, Drain Str+4
                  | Int+3 Stlth+}
 53767 | Depths:4 | Entered Level 4 of the Depths
 53851 | Depths:4 | Noticed Boris
 53860 | Depths:4 | Killed Boris
 54044 | Depths:4 | Paralysed by a floating eye for 2 turns
 54527 | Depths:4 | Found a gate to the Realm of Zot.
 54687 | Depths:4 | Noticed a juggernaut
 54701 | Depths:4 | Killed a juggernaut
 54835 | Depths:4 | Found an ornate altar of the Wu Jian Council.
 55899 | Spider:4 | Killed Apeheil's ghost
 56419 | Tomb:1   | Entered Level 1 of the Tomb of the Ancients
 57118 | Tomb:1   | Noticed a royal mummy
 57124 | Tomb:1   | Noticed a royal mummy
 57132 | Tomb:1   | Killed a royal mummy
 57146 | Tomb:1   | Killed a royal mummy
 57340 | Tomb:1   | Reached XP level 27. HP: 195/196 MP: 33/36
 58319 | Hell     | Entered the Vestibule of Hell
 58319 | Hell     | Noticed Geryon
 59080 | Hell     | Noticed Murray
 59354 | Depths:1 | Killed Murray
 59679 | Hell     | Killed Geryon
 59921 | Hell     | Found a gateway to the decaying netherworld of Tartarus.
 60001 | Hell     | Found a gateway to the freezing wastes of Cocytus.
 60376 | Hell     | Found a gateway to the Iron City of Dis.
 60428 | Hell     | Found a gateway to the ashen valley of Gehenna.
 60544 | Geh:1    | Entered Level 1 of Gehenna
 60896 | Vaults:1 | Bought the amulet of Onameese {rF+ Regen+} for 704 gold
                  | pieces
 61235 | Vaults:1 | Bought the ring of Byaced {rPois rF+ rN+ Dex+2} for 678
                  | gold pieces
 61550 | Geh:1    | Noticed an ancient lich
 61595 | Geh:1    | Killed an ancient lich
 63483 | Zot:1    | Entered Level 1 of the Realm of Zot
 63683 | Zot:1    | Noticed Grunn
 63719 | Zot:1    | Killed Grunn
 66171 | Zot:3    | Noticed an orb of fire
 66185 | Zot:3    | Gained mutation: You expend magic power (3 MP) to
                  | strengthen your wands. [an orb of fire]
 66197 | Zot:2    | Gained mutation: You are occasionally teleported next to
                  | monsters. [an orb of fire]
 66200 | Zot:2    | Killed an orb of fire
 66347 | Zot:2    | Lost mutation: You are occasionally teleported next to
                  | monsters. [potion of mutation]
 66347 | Zot:2    | Lost mutation: You have sharp toenails. [potion of
                  | mutation]
 66347 | Zot:2    | Lost mutation: You expend magic power (3 MP) to strengthen
                  | your wands. [potion of mutation]
 66347 | Zot:2    | Gained mutation: You are frail. (-10% HP) [potion of
                  | mutation]
 66347 | Zot:2    | Gained mutation: You passively map a small area around you.
                  | [potion of mutation]
 66433 | Zot:3    | Noticed an orb of fire
 66455 | Zot:3    | Gained mutation: Your magical capacity is low. (-10% MP)
                  | [an orb of fire]
 66464 | Zot:3    | Gained mutation: You are clumsy. (Dex -2) [an orb of fire]
 66470 | Zot:3    | Gained mutation: Your magical capacity is very low. (-20%
                  | MP) [an orb of fire]
 66476 | Zot:3    | Killed an orb of fire
 68147 | Zot:4    | Acquired Sif Muna's Almanac of Scintillating Translocation
 68412 | Zot:5    | Entered Level 5 of the Realm of Zot
 68727 | Zot:5    | Found a runed translucent gate.
 68727 | Zot:5    | Found a runed translucent gate.
 68727 | Zot:5    | Found a runed translucent gate.
 68730 | Zot:5    | Noticed Donuwkat's ghost (veteran DsBe)
 69059 | Zot:5    | Noticed an orb of fire
 69061 | Zot:5    | Noticed an orb of fire
 69085 | Zot:5    | Gained mutation: You are very frail. (-20% HP) [an orb of
                  | fire]
 69098 | Zot:5    | Killed an orb of fire
 69104 | Zot:5    | Gained mutation: You are occasionally teleported next to
                  | monsters. [an orb of fire]
 69106 | Zot:5    | Gained mutation: You are vulnerable to heat. (rF-) [an orb
                  | of fire]
 69107 | Zot:5    | Killed an orb of fire
 69206 | Zot:5    | Lost mutation: Your magical capacity is very low. (-20% MP)
                  | [potion of mutation]
 69206 | Zot:5    | Lost mutation: You are clumsy. (Dex -2) [potion of
                  | mutation]
 69206 | Zot:5    | Lost mutation: You are vulnerable to heat. (rF-) [potion of
                  | mutation]
 69206 | Zot:5    | Gained mutation: You are agile. (Dex +4, Str/Int -1)
                  | [potion of mutation]
 69206 | Zot:5    | Gained mutation: Your muscles are strong. (Str +4, Int/Dex
                  | -1) [potion of mutation]
 69207 | Zot:5    | Lost mutation: Your magical capacity is low. (-10% MP)
                  | [potion of mutation]
 69207 | Zot:5    | Lost mutation: Your movements are slightly less encumbered
                  | by armour. (ER -2) [potion of mutation]
 69207 | Zot:5    | Gained mutation: You occasionally shout uncontrollably at
                  | your foes. [potion of mutation]
 69208 | Zot:5    | Lost mutation: You passively map a small area around you.
                  | [potion of mutation]
 69208 | Zot:5    | Lost mutation: You occasionally shout uncontrollably at
                  | your foes. [potion of mutation]
 69208 | Zot:5    | Lost mutation: You are occasionally teleported next to
                  | monsters. [potion of mutation]
 69208 | Zot:5    | Gained mutation: You are dopey. (Int -2) [potion of
                  | mutation]
 69208 | Zot:5    | Lost mutation: You are dopey. (Int -2) [potion of mutation]
 69253 | Zot:5    | Noticed an orb of fire
 69269 | Zot:5    | Gained mutation: Your spells are a little harder to cast,
                  | but a little more powerful. [an orb of fire]
 69270 | Zot:5    | Gained mutation: You sometimes lose your temper in combat.
                  | [an orb of fire]
 69271 | Zot:5    | Killed an orb of fire
 69388 | Zot:5    | Noticed an orb of fire
 69389 | Zot:5    | Noticed an orb of fire
 69392 | Zot:5    | Gained mutation: You are dopey. (Int -2) [an orb of fire]
 69395 | Zot:5    | Noticed a dread lich
 69397 | Zot:5    | Gained mutation: You have hidden genetic defects. [an orb
                  | of fire]
 69399 | Zot:5    | Gained mutation: You occasionally shout uncontrollably at
                  | your foes. [an orb of fire]
 69404 | Zot:5    | Killed an orb of fire
 69568 | Zot:5    | Gained mutation: Armour fits poorly on your strangely
                  | shaped body. [an orb of fire]
 69568 | Zot:5    | Gained mutation: Your magical capacity is low. (-10% MP)
                  | [an orb of fire]
 69579 | Zot:5    | Gained mutation: Potions are less effective at restoring
                  | your health. [an orb of fire]
 69590 | Zot:5    | Killed an orb of fire
 69707 | Zot:5    | Noticed a dread lich
 69730 | Zot:5    | Killed a dread lich
 69763 | Zot:5    | Killed a dread lich
 69802 | Zot:5    | HP: 5/156 [Orb Guardian (24)]
 70249 | Zot:5    | Gained mutation: You are very dopey. (Int -4) [hidden
                  | defects]
 70337 | Zot:5    | Noticed an orb of fire
 70337 | Zot:5    | Lost mutation: You occasionally shout uncontrollably at
                  | your foes. [an orb of fire]
 70345 | Zot:5    | Noticed a dread lich
 70350 | Zot:5    | Noticed an orb of fire
 70352 | Zot:5    | Killed an orb of fire
 70362 | Zot:5    | Killed an orb of fire
 70368 | Zot:5    | Killed a dread lich
 70603 | Zot:5    | Noticed an orb of fire
 70606 | Zot:5    | Gained mutation: You have an uncontrollable temper. [an orb
                  | of fire]
 70614 | Zot:5    | Gained mutation: You occasionally lose the ability to read
                  | scrolls when taking damage. [an orb of fire]
 70626 | Zot:5    | Gained mutation: Your magical capacity is very low. (-20%
                  | MP) [an orb of fire]
 70630 | Zot:5    | Killed an orb of fire
 70735 | Zot:5    | Gained mutation: You have terrible hidden genetic defects.
                  | [hidden defects]
 70735 | Zot:5    | Lost mutation: You have terrible hidden genetic defects.
                  | [hidden defects expressed]
 71272 | Zot:5    | Got the Orb of Zot
 71334 | Zot:2    | Noticed Hafoeh the pandemonium lord
 71613 | D:14     | Noticed Iplaim the pandemonium lord
 71613 | D:14     | Noticed an ancient lich
 71856 | D:1      | Gained mutation: You sometimes lose the ability to read
                  | scrolls when taking damage. [a cacodemon]
 71875 | D:$      | Escaped with the Orb!

Illustrated notes

Levels and vault maps discovered:
D:1:      heliophobic_arrival_henge, layout_basic,
          chequers_ecumenical_altar_simple, minmay_hedge_maze
D:2:      minmay_door_path, layout_basic, uniq_robin, uniq_terence
D:3:      layout_basic, gammafunk_ghost_cemetery
D:4:      layout_basic, doesnt_xom_only_xom,
          nicolae_ru_great_annihilating_truth, kennysheep_generic_room_15
D:5:      layout_basic, mainiacjoe_overflow_six_doors_small,
          mainiacjoe_overflow_concentric_impassable, grunt_decor_clamped,
          minmay_fractal_squares_diagonal_5
D:6:      layout_loops_cross, gammafunk_ghost_cemetery, serial_shops,
          nicolae_shop_overgrown_old_shop, wad_rectangle_vault
D:7:      layout_cave_pools, minmay_temple_entry_sparse_star
D:8:      minmay_four_partial_circles, layout_cave_pools,
          ebering_ghost_reflecting_pool, minmay_chambers_of_fives
D:9:      layout_cave_pools, overflow_temple_1_default,
          amethyst_overflow_temple_binary, david_lair_shrubbed, enter_bailey_4,
          minmay_crystal_room, uniq_erica, uniq_prince_ribbit1
D:10:     layout_basic, mainiacjoe_overflow_surrounded_room, orc_david_3,
          uniq_erolcha
D:11:     layout_cave_pods, serial_glass, glass_columns_b, glass_columns_a,
          glass_columns_b, glass_columns_b, glass_columns_b, glass_columns_c,
          glass_columns_a, glass_columns_b, glass_columns_a, glass_columns_a,
          glass_columns_a, glass_columns_a, glass_columns_a, glass_columns_a
D:12:     layout_basic, serial_shops, nicolae_lakefront_shop,
          gammafunk_ghost_grave
D:13:     layout_basic, erik_vaults_1, uniq_snorg
D:14:     layout_long_grid
D:15:     gammafunk_enter_depths_forms, layout_cave_pools, lemuel_doored_altar,
          nrook_uturn, nzn_life_drinkers
Temple:   nicolae_temple_superstar
Lair:1:   layout_hall_layers
Lair:2:   layout_loops_ring, spider_nest_entry_rubble, evilmike_ambush
          [evilmike_ambush_outer_basic, evilmike_ambush_inner_basic]
Lair:3:   layout_regular_city, nicolae_shoals_entry_roost, lemuel_fruit_fields
Lair:4:   layout_regular_city, minmay_slime_entry_oklob_enclosed, st_stairs_13
Lair:5:   evil_forest, layout_gridlike, lemuel_centaur_altar
Shoals:1: layout_shoals, serial_shops, nicolae_shop_trees,
          nicolae_shop_hallway_plus, nicolae_shop_advertising_works
          [nicolae_subvault_shop_adworks], nicolae_shop_firing_range
Shoals:2: layout_shoals
Shoals:3: cheibrodos_shoals_baths, layout_shoals, nicolae_specific_store,
          nicolae_shoals_lost_giant_temple
Shoals:4: shoals_end_hellmonk_lost_city, uniq_mlioglotl
Spider:1: layout_spider_delve, nicolae_spider_orb_run
Spider:2: layout_cave_pods
Spider:3: layout_spider_delve, portal_ice_cave_entry_ugly_swarm,
          gammafunk_ghost_mausoleum
Spider:4: grunt_spider_rune_parallel, ebering_ghost_xom,
          hangedman_stitches_earthworm
Slime:1:  layout_caves, basic_altar
Slime:2:  layout_caves, cheibrodos_slime_lost_civilization_5, uniq_dissolution
Slime:3:  layout_caves
Slime:4:  layout_caves
Slime:5
Orc:1:    layout_caves, gammafunk_ghost_necromancy, serial_shops, shop,
          nicolae_shop_statue_plus, nicolae_shop_statue_plus, shop,
          nicolae_shop_vocational
Orc:2:    st_orc_pillars, layout_diamond_mine, serial_shops,
          nicolae_diamond_shop, mines1_david
Elf:1:    nicolae_elf_arrival_no_cutting_in_line, layout_loops_ring,
          serial_shops, nicolae_shop_competitors_out_of_business,
          minmay_elf_annihilation, nicolae_elf_deep_mausoleum
Elf:2:    nicolae_elf_blades_splatter_lattice [infiniplex_blade_entry_pillars],
          layout_loops_cross, serial_shops, shop, minivault_11
Elf:3:    minmay_elf_hall_not_hex, layout_loops_cross
Vaults:1: ontoclasm_vaults_fault, vaults_room_boxed,
          ontoclasm_vaults_ring_large, vaults_dpeg_emergency_exit, v_misc_16,
          v_misc_33, hangedman_vaults_trim, v_alt_pattern_4, v_misc_27,
          hangedman_vaults_impose, serial_ice_g, vaults_room_fours,
          layout_vaults_omnibox, uniq_asterion, uniq_zenata
Vaults:2: advil_vaults_ghost_guards, minmay_crypt_entry_necro_gods,
          v_alt_pattern_5, ontoclasm_vaults_eye, vaults_room_octagon,
          dpeg_vaults_monster_box, nicolae_vaults_ninety_degrees,
          gammafunk_sealed_arena, nicolae_vaults_big_ls,
          ontoclasm_vaults_loading_screen, vaults_room_hallway,
          layout_vaults_omnicross
Vaults:3: vaults_mumra_lcd, vaults_room_hangedman_quadrants,
          ontoclasm_vaults_claustrophobia, v_alt_pattern_2, v_misc_12,
          v_alt_pattern_1, vaults_mumra_chevron_long, vaults_dpeg_diagonal,
          layout_vaults_quadrants, serial_shops, nicolae_shop_behind_doors,
          uniq_margery
Vaults:4: vaults_dpeg_encased_lava, v_rooms_2, ontoclasm_vaults_ring_large,
          hangedman_vaults_pinch, ontoclasm_vaults_misaligned, v_misc_12,
          v_misc_9, nicolae_vaults_little_squares_3, layout_vaults_chaotic_city
Vaults:5
Crypt:1:  layout_misc_corridors, grunt_crypt_arrival_split
Crypt:2:  layout_regular_city, columned_hall_lemuel, lemuel_upstairs_altar,
          uniq_jory
Crypt:3:  church_of_pain_bobbens, layout_chaotic_city,
          nicolae_tomb_entry_rubble_hallway, feat_on_display
Tomb:1
Depths:1: layout_cave_shapes, hellmouth_1, pan_entry, kennysheep_minor_cross,
          minmay_misc_feat_ornament, kennysheep_treasure_room, minmay_shop_star
Depths:2: minmay_the_grid_plus [minmay_the_grid_minigrid_large,
          minmay_the_grid_aliased_spiral, minmay_the_grid_box_x,
          minmay_the_grid_embedded, minmay_the_grid_prize_inner_circle],
          layout_cave_shapes, enter_ziggurat_f, pan_entry,
          pf_hell_entry_tar_spiral, uniq_vv, uniq_enchantress
Depths:3: grunt_bruiser_brothers, layout_cave_pools,
          hangedman_abyss_entry_splay, hell_entry,
          nicolae_hepliaklqana_hippocampus, nicolae_shop_clearance,
          infiniplex_staircase_pool_2, uniq_josephina, uniq_sojobo, uniq_boris
Depths:4: evilmike_zot_entry_basic, layout_gridlike, nzn_wu_jian_council_hall,
          hell_entry, minmay_fractal_squares_gapless_7
Hell
Geh:1:    layout_gehenna_pools_box
Geh:2:    layout_gehenna_lava_caves
Geh:3:    layout_gehenna_lava_caves
Geh:4:    nicolae_geh_tyrants_menagerie, layout_gehenna_lava_caves
Geh:5:    layout_gehenna_pools_triple
Zot:1:    kennysheep_six_static_rooms, layout_gridlike, uniq_grunn
Zot:2:    layout_gridlike
Zot:3:    layout_misc_corridors, lemuel_lake_of_fire
Zot:4:    layout_misc_corridors, grunt_megastairs_2
Zot:5:    layout_misc_corridors, ebering_ghost_rock_garden

Skill      XL: |  1  2  3  4  5  6  7  8  9 10 11 12 13 14 15 16 17 18 19 20 21 22 23 24 25 26 27 |
---------------+----------------------------------------------------------------------------------+-----
Fighting       | 4 5 6 7 8 9 10 11 13 14 15 17 19 20 21 22 23 25 26 | 26.5
Shields        | 4 5 6 7 8 9 10 12 14 15 16 17 18 20 21 26 | 26.6
Axes           | 3 6 9 11 14 17 18 19 20 22 | 22.3
Armour         | 4 7 9 10 12 14 16 18 21 | 21.9
Evocations     | 6 10 12 14 | 14.0
Conjurations   | 6 10 13 15 20 | 20.1
Earth Magic    | 4 8 10 11 | 11.0
Spellcasting   | 3 6 8 9 |  9.0
Translocations | 3 |  3.0
Hexes          | 1 6 8 10 | 10.0
Air Magic      | 5 7 9 10 | 10.0
Transmutations | 3 5 |  5.0
Maces & Flails | |  2.0

Action                   |  1- 3 |  4- 6 |  7- 9 | 10-12 | 13-15 | 16-18 | 19-21 | 22-24 | 25-27 || total
-------------------------+-------+-------+-------+-------+-------+-------+-------+-------+-------++-------
Melee: Flail             |   109 |   186 |       |       |       |       |       |       |       ||   295
       Spear             |       |    23 |    55 |       |       |       |       |       |       ||    78
       Broad axe         |       |       |   153 |   490 |  1110 |  1587 |  1473 |  1558 |  3085 ||  9456
       Eveningstar       |       |       |       |       |    23 |    17 |       |       |       ||    40
       Headbutt          |       |       |       |       |       |       |       |     2 |       ||     2
Throw: Dart              |       |       |     6 |    18 |       |    25 |       |       |    13 ||    62
       Boomerang         |       |       |       |    30 |       |    17 |       |       |     5 ||    52
       Throwing net      |       |       |       |       |       |       |       |     1 |       ||     1
       Javelin           |       |       |       |       |       |       |       |       |     3 ||     3
Invok: Call Merchant     |       |       |       |       |       |       |     6 |     2 |     3 ||    11
Evoke: Wand              |       |       |       |     4 |       |     3 |     6 |    23 |    15 ||    51
       Tin of tremorston |       |       |       |       |       |       |     2 |     2 |       ||     4
       Condenser vane    |       |       |       |       |       |       |     1 |     3 |     4 ||     8
       Lightning rod     |       |       |       |       |       |       |       |     1 |     8 ||     9
       Phantom mirror    |       |       |       |       |       |       |       |     1 |       ||     1
       Box of beasts     |       |       |       |       |       |       |       |       |     1 ||     1
       Phial of floods   |       |       |       |       |       |       |       |       |     1 ||     1
  Use: Scroll            |       |     7 |     4 |    16 |    10 |    10 |    12 |     9 |    11 ||    79
       Potion            |       |       |       |       |       |       |       |    20 |    22 ||    42
 Stab: Paralysed         |       |     1 |       |       |       |       |       |       |       ||     1
       Distracted        |       |       |     1 |     2 |     8 |    17 |     5 |    11 |    27 ||    71
       Invisible         |       |       |       |       |       |       |     3 |       |       ||     3
       Held in net/web   |       |       |       |       |       |       |       |     2 |       ||     2
       Confused          |       |       |       |       |       |       |       |       |     2 ||     2
Armor: Scale mail        |    16 |       |       |       |       |       |       |       |       ||    16
       Chain mail        |    44 |   121 |    17 |       |       |       |       |       |       ||   182
       Plate armour      |       |       |   111 |   243 |   592 |   516 |       |       |       ||  1462
       Crystal plate arm |       |       |       |       |       |   611 |   760 |   784 |  2010 ||  4165
Dodge: Dodged            |    58 |    65 |   165 |   319 |   650 |   933 |   532 |   348 |   948 ||  4018
Block: Buckler           |    24 |    50 |    56 |    62 |       |       |       |       |       ||   192
       Kite shield       |       |       |       |   153 |   605 |  1074 |  1157 |  1026 |  2617 ||  6632
       Reflection        |       |       |       |       |       |       |    92 |    46 |    20 ||   158

Table legend: (Time is in decaauts)
 A = Elapsed time spent in this place.
 B = Non-inter-level travel time spent in this place.
 C = Inter-level travel time spent in this place.
 D = Time resting spent in this place.
 E = Time spent auto-exploring this place.
 F = Levels seen in this place.
 G = Mean time per level.
                   A        B        C        D        E       F      G
               +--------+--------+--------+--------+--------+-----+--------+
         Total |  70547 |  62635 |   7912 |   6799 |  31189 |  67 | 1052.9 |
       Dungeon |  15544 |  12504 |   3040 |    755 |   7606 |  15 | 1036.3 |
        Temple |    131 |    114 |     17 |      0 |    100 |   1 |  131.0 |
          Lair |   5829 |   5007 |    822 |    218 |   3521 |   5 | 1165.8 |
        Shoals |   3289 |   3171 |    118 |     33 |   1919 |   4 |  822.2 |
   Spider Nest |   5036 |   4493 |    543 |     68 |   2512 |   4 | 1259.0 |
    Slime Pits |   2720 |   2709 |     11 |   1279 |    120 |   5 |  544.0 |
  Orcish Mines |   1645 |   1301 |    344 |      7 |    769 |   2 |  822.5 |
   Elven Halls |   3152 |   2963 |    189 |     55 |   1498 |   3 | 1050.7 |
        Vaults |   8355 |   7327 |   1028 |     69 |   4115 |   5 | 1671.0 |
         Crypt |   3686 |   3145 |    541 |    108 |   1484 |   3 | 1228.7 |
          Tomb |   1562 |   1380 |    182 |    392 |    380 |   1 | 1562.0 |
        Depths |   7594 |   6844 |    750 |   1512 |   3124 |   4 | 1898.5 |
          Hell |   1398 |   1361 |     37 |    484 |    119 |   1 | 1398.0 |
       Gehenna |   1603 |   1595 |      8 |     18 |    239 |   5 |  320.6 |
           Zot |   7698 |   7422 |    276 |   1671 |   3312 |   5 | 1539.6 |
         Abyss |    235 |    235 |      0 |      0 |     20 |   2 |  117.5 |
        Bailey |    314 |    314 |      0 |      2 |     27 |   1 |  314.0 |
      Ice Cave |    747 |    747 |      0 |    125 |    322 |   1 |  747.0 |
               +--------+--------+--------+--------+--------+-----+--------+

Top non-repeatable levels by time:
Depths:1: 3085 daAuts
   Zot:5: 2802 daAuts
Vaults:2: 2221 daAuts
Vaults:5: 1826 daAuts
Depths:4: 1667 daAuts
   Zot:1: 1579 daAuts
  Tomb:1: 1562 daAuts
Spider:4: 1552 daAuts
    D:12: 1500 daAuts
  Lair:5: 1495 daAuts
Vaults:3: 1469 daAuts
Depths:2: 1457 daAuts
 Crypt:3: 1454 daAuts
Vaults:1: 1427 daAuts
Vaults:4: 1411 daAuts
